 Dungeon Crawl Stone Soup version 0.29.0-11-gd7f09526c8 (webtiles) character file.

Game seed: 847358293911326216

29 tellme the Trooper (level 3, -1/30 HPs)
             Began as a Demonspawn Abyssal Knight on Sept 3, 2022.
             Was a Believer of Lugonu.
             Succumbed to an adder's poison
             ... on level 2 of the Dungeon.
             The game lasted 00:03:24 (1510 turns).

tellme the Trooper (Demonspawn Abyssal Knight)      Turns: 1510, Time: 00:03:24

Health: -1/30      AC:  5    Str: 15    XL:     3   Next: 1%
Magic:  3/4        EV: 11    Int: 17    God:    Lugonu [**....]
Gold:   88         SH:  0    Dex: 13    Spells: 2/2 levels left

rFire   . . .      SeeInvis .   a - +1 falchion
rCold   . . .      Faith    .   (no shield)
rNeg    . . .      Spirit   .   b - +0 leather armour
rPois   .          Reflect  .   (no helmet)
rElec   .          Harm     .   (no cloak)
rCorr   .          Rampage  .   (no gloves)
Will    .....                   (no boots)
Stlth   +.........              p - amulet of magic regeneration
HPRegen 0.10/turn               e - +6 ring of intelligence
MPRegen 0.49/turn               (no ring)

@: lethally poisoned (-1 -> -8)
A: icy blue scales 1, demonic guardian 1
a: Renounce Religion, Depart the Abyss, Bend Space


You were on level 2 of the Dungeon.
You worshipped Lugonu.
Lugonu was pleased with you.
You visited 1 branch of the dungeon, and saw 2 of its levels.
You visited the Abyss 1 time.

You collected 88 gold pieces.

Inventory:

Hand Weapons
 a - a +1 falchion (weapon)
Armour
 b - a +0 leather armour (worn)
 n - an orb of wrath
Jewellery
 e - a +6 ring of intelligence (left hand)
 p - an amulet of magic regeneration (around neck)
Scrolls
 c - 2 scrolls of blinking {unknown}
 d - a scroll of fog {unknown}
 h - 3 scrolls of identify {unknown}
 i - a scroll of teleportation {unknown}
 k - a scroll of poison {unknown}
 l - a scroll of vulnerability {unknown}
 m - a scroll of fear {unknown}
Potions
 f - a potion of cancellation {unknown}
 g - a potion of curing {unknown}
 j - a potion of lignification {unknown}
 o - a potion of resistance {unknown}


   Skills:
 + Level 3.7 Fighting
 + Level 2.3 Long Blades
 + Level 1.7 Armour
 + Level 1.0 Dodging
 + Level 2.6 Invocations


You had 2 spell levels left.
You didn't know any spells.
Your spell library contained the following spells:

 Spells                   Type           Power      Damage    Failure   Level
 Dazzling Flash           Conj/Hex       0%         N/A       65%         3
 Iskenderun's Mystic Bla  Conj/Tloc      0%         2d3       96%         4
 Starburst                Conj/Fire      0%         6d3       100%        6


Dungeon Overview and Level Annotations

Branches:
Dungeon (2/15)

Altars:


Innate Abilities, Weirdness & Mutations

You are partially covered in icy blue scales. (AC +2)
A weak demonic guardian rushes to your aid.


Message History

You finish putting on your amulet of magic regeneration.
p - an amulet of magic regeneration (around neck)
You miss the adder. The adder closely misses you. The adder bites you.
You are poisoned.
The adder poisons you!
You closely miss the adder.
You feel sick. The adder bites you.
You hit the adder.
The adder is heavily wounded.
You feel sick. The adder closely misses you. The adder bites you.
You miss the adder.
The adder is heavily wounded.
You feel sick. The adder bites you but does no damage.
You hit the adder.
The adder is almost dead.
You feel sick.
You are no longer poisoned.
The adder bites you but does no damage. x2
You barely miss the adder.
The adder is almost dead.
The adder bites you.
You closely miss the adder.
The adder is almost dead.
The adder bites you.
* * * LOW HITPOINT WARNING * * *
The adder completely misses you.
You closely miss the adder.
The adder is almost dead.
The adder misses you.
You miss the adder.
The adder is almost dead.
The adder bites you.
* * * LOW HITPOINT WARNING * * *
The adder bites you.
* * * LOW HITPOINT WARNING * * *
A demonic guardian appears!
You are lethally poisoned!
The adder poisons you!
Okay, then.
Space bends violently around you!
You blink.
You die...

####### ......# #####.#
#.# ####.##############
#..............@S.#
#.##.############ยง#
#.##.# #5# #.##.#
#######.####### #.##.#
..............#
#.##.############.#####.#
#.##.#..............[##.#
##.##.#.##########.##.##.#
.......>.........#.##.##.#


You could see an adder.

Vanquished Creatures
  An adder (D:2)
  2 endoplasms (D:1)
  A giant cockroach (D:2)
  2 goblins (D:2)
  A hobgoblin (D:1)
  3 kobolds
  4 ball pythons
  3 bats (D:1)
  A frilled lizard (D:1)
18 creatures vanquished.

Notes
Turn   | Place    | Note
-------+----------+-------------------------------------------
     0 | Abyss:1  | tellme the Demonspawn Abyssal Knight began the quest for
                  | the Orb.
     0 | Abyss:1  | Reached XP level 1. HP: 18/18 MP: 2/2
     1 | Abyss:1  | Found a corrupted altar of Lugonu.
    80 | Abyss:1  | Noticed a small abomination
    89 | D:1      | Escaped the Abyss
   355 | D:1      | Reached ** piety under Lugonu
   370 | D:1      | Gained mutation: You are partially covered in icy blue
                  | scales. (AC +2) [demonic ancestry]
   370 | D:1      | Reached XP level 2. HP: 18/24 MP: 3/3
  1255 | D:2      | Reached skill level 1 in Dodging
  1255 | D:2      | Gained mutation: A weak demonic guardian rushes to your
                  | aid. [demonic ancestry]
  1255 | D:2      | Reached XP level 3. HP: 30/30 MP: 4/4
  1510 | D:2      | Succumbed to an adder's poison

Illustrated notes

Levels and vault maps discovered:
D:1:      lemuel_arrival_river_passageway, layout_basic, minmay_tetromino_t4
D:2:      layout_basic, minmay_misc_feat_rows, minmay_increasing_density

Skill      XL: |  1  2 |
---------------+-------+-----
Long Blades    | 2 |  2.3
Dodging        | 1 |  1.0
Fighting       | |  3.7
Armour         | |  1.7
Invocations    | |  2.6

Action                   || total
-------------------------++-------
Melee: Falchion          ||    81
       Punch             ||     1
Invok: Depart the Abyss  ||     1
       Bend Space        ||     1
Armor: Leather armour    ||    37
Dodge: Dodged            ||    70
